Map: 乌雷纳

Players

Insomnia - Winner!

  • Race: Protoss Protoss
  • League: Diamond

Quail

  • Race: Protoss Protoss
  • League: Platinum

VOD

Have the link to the VOD?

Description

Time

  • Played on: Dec. 3, 2015, 8:40 a.m.
  • Length: 15:20
Show
View Real Time Build Order
Export as new Build Order

Insomnia Protoss - Winner!

Build Orders: 1 Gate Expand, Oracle Opening 

Get SALT Encoding   

  12  0:01  Probe (Chrono Boost)  
  13  0:11  Probe (Chrono Boost)  
  14  0:20  Pylon  
  14  0:22  Probe (Chrono Boost)  
  15  0:38  Probe (Chrono Boost)  
  15  0:41  Gateway  
  16  0:44  Assimilator  
  16  0:49  Probe (Chrono Boost)  
  17  1:00  Probe (Chrono Boost)  
  18  1:19  Nexus  
  18  1:22  Probe (Chrono Boost)  
  19  1:34  Cybernetics Core  
  19  1:37  Probe (Chrono Boost)  
  20  1:46  Pylon  
  20  1:48  Probe (Chrono Boost)  
  21  2:08  Probe (Chrono Boost)  
  22  2:11  Stargate  
  22  2:20  Probe (Chrono Boost)  
  23  2:30  Probe (Chrono Boost)  
  23  2:31  Pylon  
  23  2:35  Assimilator  
  24  2:38  Assimilator  
  24  2:41  Mothership Core (Chrono Boost)  
  26  2:46  Probe (Chrono Boost)  
  27  2:56  Probe (Chrono Boost)  
  28  2:58  Warp Gate  
  28  3:10  Stalker  
  30  3:23  Probe (Chrono Boost)  
  31  3:29  Pylon  
  31  3:32  Probe (Chrono Boost)  
  34  3:35  Oracle (Chrono Boost)  
  34  3:38  Probe  
  36  3:42  Probe  
  37  3:50  Probe  
  37  3:52  Stalker  
  37  3:53  Probe  
  41  4:02  Probe  
  42  4:03  Probe  
  42  4:07  Gateway  
  42  4:08  Gateway  
  43  4:10  Gateway  
  43  4:14  Probe  
  41  4:27  Probe  
  41  4:30  Stalker, Probe  
  45  4:39  Probe  
  45  4:42  Assimilator  
  45  4:45  Probe  
  50  4:46  Void Ray (Chrono Boost)  
  50  4:51  Probe  
  52  4:55  Probe  
  53  5:06  Probe (Chrono Boost)  
  53  5:09  Probe (Chrono Boost)  
  55  5:15  Twilight Council  
  55  5:20  Probe (Chrono Boost)  
  57  5:21  Probe (Chrono Boost)  
  57  5:22  Stalker x2  
  61  5:30  Probe (Chrono Boost), Pylon  
  61  5:31  Pylon  
  61  5:32  Pylon  
  61  5:35  Pylon  
  62  5:41  Probe (Chrono Boost)  
  61  5:45  Probe (Chrono Boost)  
  62  5:51  Probe (Chrono Boost), Charge  
  62  5:55  Stargate  
  62  5:56  Probe (Chrono Boost), Stargate  
  64  6:12  Nexus  
  64  6:14  Pylon  
  64  6:34  Void Ray  
  68  6:45  Void Ray x2  
  76  6:55  Protoss Air Weapons Level 1 (Chrono Boost)  
  76  7:02  Pylon  
  76  7:04  Pylon  
  76  7:18  Forge  
  72  7:39  Void Ray x3  
  84  7:45  Assimilator  
  84  7:53  Probe x2 (Chrono Boost), Protoss Shields Level 1  
  86  8:03  Probe x2 (Chrono Boost), Photon Cannon  
  86  8:05  Probe (Chrono Boost)  
  89  8:09  Photon Cannon  
  89  8:11  Photon Cannon  
  89  8:14  Probe x2 (Chrono Boost)  
  89  8:16  Photon Cannon  
  89  8:17  Photon Cannon  
  88  8:34  Fleet Beacon  
  88  8:35  Void Ray (Chrono Boost)  
  88  8:36  Probe  
  88  8:37  Probe  
  88  8:39  Void Ray (Chrono Boost)  
  88  8:41  Assimilator  
  98  8:47  Probe x2, Void Ray (Chrono Boost)  
  104  9:16  Oracle (Chrono Boost)  
  107  9:20  Nexus  
  107  9:21  Pylon  
  107  9:23  Pylon  
  107  9:27  Stargate  
  107  9:37  Graviton Catapult, Carrier (Chrono Boost)  
  119  9:42  Carrier (Chrono Boost)  
  115  10:02  Zealot x2  
  115  10:04  Zealot x2  
  123  10:11  Void Ray (Chrono Boost)  
  127  10:18  Protoss Air Weapons Level 2 (Chrono Boost)  
  121  10:50  Void Ray  
  121  10:52  Void Ray  
  121  10:55  Zealot x4  
  129  11:01  Void Ray  
  98  11:22  Void Ray  
  98  11:24  Probe  
  103  11:27  Void Ray  
  103  11:28  Probe  
  103  11:29  Probe x2  
  106  11:35  Void Ray  
  111  11:44  Void Ray  
  115  11:52  Probe  
  116  12:02  Probe  
  116  12:04  Void Ray  
  116  12:05  Void Ray, Stargate  
  125  12:17  Assimilator  
  125  12:18  Void Ray  
  129  12:23  Assimilator  
  129  12:24  Protoss Ground Weapons Level 1  
  129  12:30  Void Ray  
  133  12:39  Stargate  
  133  12:45  Void Ray (Chrono Boost)  
  133  12:50  Void Ray (Chrono Boost)  
  133  13:02  Nexus  
  133  13:05  Void Ray (Chrono Boost)  
  137  13:14  Carrier (Chrono Boost)  
  149  13:25  Carrier (Chrono Boost)  
  149  13:27  Pylon  
  149  13:28  Pylon  
  161  13:59  Carrier x2 (Chrono Boost)  
  153  14:13  Zealot x2  
  153  14:14  Stalker, Adept  
  154  14:36  Void Ray x2 (Chrono Boost)  
  146  14:54  Mothership Core (Chrono Boost)  
Show
View Real Time Build Order
Export as new Build Order

Quail Protoss 

Build Orders: 1 Gate Expand 

Get SALT Encoding   

  12  0:01  Probe (Chrono Boost)  
  13  0:11  Probe (Chrono Boost)  
  14  0:17  Pylon  
  14  0:22  Probe (Chrono Boost)  
  16  0:35  Probe (Chrono Boost)  
  16  0:37  Gateway  
  16  0:46  Probe (Chrono Boost)  
  16  0:49  Assimilator  
  17  0:56  Probe (Chrono Boost)  
  18  1:17  Nexus  
  18  1:29  Cybernetics Core  
  18  1:34  Probe (Chrono Boost)  
  19  1:44  Probe (Chrono Boost)  
  20  1:48  Assimilator  
  20  1:53  Assimilator  
  20  1:55  Probe (Chrono Boost)  
  21  2:05  Pylon  
  23  2:09  Stalker  
  23  2:23  Mothership Core (Chrono Boost)  
  23  2:26  Warp Gate  
  25  2:40  Gateway  
  25  2:41  Probe (Chrono Boost)  
  26  2:45  Probe (Chrono Boost)  
  27  2:52  Probe (Chrono Boost)  
  27  2:56  Probe (Chrono Boost)  
  29  2:59  Stalker  
  29  3:03  Probe (Chrono Boost)  
  32  3:08  Probe (Chrono Boost)  
  33  3:14  Probe (Chrono Boost)  
  34  3:23  Probe (Chrono Boost)  
  34  3:24  Probe (Chrono Boost)  
  36  3:28  Robotics Facility  
  36  3:33  Probe (Chrono Boost)  
  37  3:35  Stalker  
  37  3:39  Probe (Chrono Boost)  
  40  3:44  Probe (Chrono Boost)  
  41  3:50  Probe (Chrono Boost)  
  41  3:54  Probe (Chrono Boost)  
  43  4:00  Probe (Chrono Boost)  
  44  4:05  Probe (Chrono Boost)  
  44  4:06  Gateway x2  
  45  4:11  Probe (Chrono Boost)  
  46  4:23  Pylon  
  46  4:28  Probe (Chrono Boost), Pylon  
  46  4:29  Observer, Assimilator  
  46  4:30  Probe (Chrono Boost)  
  43  4:39  Probe (Chrono Boost)  
  43  4:40  Probe (Chrono Boost)  
  43  4:44  Pylon  
  45  4:49  Probe (Chrono Boost), Pylon  
  45  4:51  Probe (Chrono Boost), Pylon  
  47  5:00  Probe (Chrono Boost)  
  47  5:02  Probe (Chrono Boost)  
  43  5:10  Probe (Chrono Boost)  
  43  5:12  Probe (Chrono Boost)  
  45  5:14  Assimilator  
  45  5:16  Warp Prism  
  48  5:21  Probe (Chrono Boost)  
  48  5:22  Stalker x2  
  48  5:23  Probe (Chrono Boost)  
  53  5:32  Probe (Chrono Boost)  
  53  5:33  Probe (Chrono Boost)  
  55  5:42  Probe (Chrono Boost)  
  52  5:44  Probe (Chrono Boost)  
  51  5:52  Twilight Council  
  51  5:53  Stalker x3, Probe (Chrono Boost)  
  51  5:54  Probe (Chrono Boost)  
  59  6:03  Probe (Chrono Boost)  
  60  6:05  Probe (Chrono Boost)  
  60  6:10  Observer  
  62  6:12  Adept  
  64  6:21  Nexus  
  64  6:24  Pylon  
  64  6:29  Templar Archives  
  64  6:30  Probe (Chrono Boost)  
  64  6:31  Probe (Chrono Boost)  
  66  6:34  Blink (Chrono Boost)  
  66  6:40  Probe  
  66  6:44  Pylon  
  66  6:45  Probe  
  64  6:49  Stalker  
  64  6:50  Probe  
  67  6:57  Probe  
  68  7:02  Adept x3  
  74  7:14  Stalker  
  76  7:18  Gateway  
  76  7:29  Stalker  
  76  7:30  Stalker x2, Probe  
  76  7:31  Probe  
  76  7:32  Probe  
  77  7:40  Probe  
  77  7:43  Probe  
  79  7:51  Probe x2  
  79  7:52  Gateway  
  79  7:54  Gateway  
  79  7:55  Gateway  
  81  8:06  High Templar x4  
  81  8:10  Immortal  
  93  8:12  Probe  
  93  8:14  Probe  
  93  8:16  Assimilator  
  93  8:18  Psionic Storm  
  93  8:19  Assimilator  
  94  8:23  Probe  
  94  8:24  Probe  
  94  8:26  Probe, Archon x2  
  94  8:33  Probe  
  94  8:36  Probe  
  94  8:38  Probe  
  97  8:42  Pylon  
  97  8:44  Probe  
  97  8:47  High Templar x4  
  97  8:48  High Templar  
  108  8:54  Archon  
  108  8:57  Warp Prism  
  108  8:59  Stalker  
  108  9:00  Stalker x2  
  116  9:04  Probe  
  116  9:05  Probe  
  116  9:06  Probe  
  119  9:10  Pylon  
  119  9:22  Stalker x3  
  125  9:30  Pylon  
  125  9:32  Pylon  
  125  9:38  Stalker x3  
  129  9:44  Stalker  
  131  9:56  Stalker x4  
  128  10:10  Adept x3  
  128  10:11  Adept  
  136  10:19  High Templar  
  136  10:20  Pylon  
  138  10:23  Pylon  
  138  10:32  High Templar x3  
  138  10:33  High Templar  
  146  10:38  Immortal  
  146  10:47  High Templar x2  
  128  10:57  Stalker x4  
  112  11:05  Archon x2  
  96  11:12  Adept x4  
  84  11:22  Stalker x4  
  84  11:23  Stalker  
  90  11:29  Stalker x2  
  90  11:30  Stalker  
  95  11:35  Probe  
  95  11:37  Probe x2  
  89  11:49  Stalker x3  
  89  11:50  Stalker, Nexus  
  89  11:51  Pylon  
  89  11:53  Pylon  
  97  11:58  Pylon  
  97  12:04  High Templar x4  
  105  12:11  Immortal  
  109  12:16  Stalker x4  
  109  12:48  Stalker x3  
  109  12:49  Stalker x5  
  120  13:04  Pylon  
  120  13:05  Probe x2  
  120  13:06  Probe x2  
  120  13:07  Pylon  
  124  13:18  Assimilator  
  124  13:24  Dark Shrine, Assimilator  
  124  13:32  Warp Prism (Chrono Boost)  
  124  13:34  Adept x6  
  128  13:35  Adept x2  
  114  14:17  Stalker x7  
  114  14:18  Stalker  
  108  14:42  Immortal (Chrono Boost)  
  104  14:53  Forge  
  104  14:56  Gateway x2  
  104  14:59  Gateway  
  104  15:00  Gateway  
Tags
 
Add a new tag
Caveats
  • Supply blocks, unpowered buildings, or Contaminate may cause inaccurate times.
  • Supply counts are checked every 10 seconds.